 Dungeon Crawl Stone Soup version 0.26.1-11-gd32895ea62 (webtiles) character file.

Game seed: 15099942052252120670

95 MajorAdolf the Skirmisher (level 4, -5/45 HPs)
             Began as a Naga Wanderer on July 18, 2021.
             Killed from afar by an orc wizard (11 damage)
             ... with a puff of frost
             ... on level 2 of the Dungeon.
             The game lasted 00:03:20 (1725 turns).

MajorAdolf the Skirmisher (Naga Wanderer)           Turns: 1725, Time: 00:03:20

Health: -5/45      AC:  2    Str: 15    XL:     4   Next: 65%
Magic:  4/4        EV:  9    Int: 12    God:
Gold:   149        SH:  0    Dex: 11    Spells: 3/3 levels left

rFire    . . .     SeeInvis +   o - +0 hand axe
rCold    . . .     Faith    .   (no shield)
rNeg     . . .     Spirit   .   e - +0 robe
rPois    +         Reflect  .   (no helmet)
rElec    .         Harm     .   (no cloak)
rCorr    .         Rampage  .   (no gloves)
Will     .....                  (no barding)
Stlth    ++........             (no amulet)
HPRegen  0.15/turn              (no ring)
MPRegen  0.09/turn              (no ring)

@: short of breath, very slow
A: large, see invisible, deformed body, poison resistance, slowness 2, spit
poison 1, AC +1
a: Spit Poison


You were on level 2 of the Dungeon.
You visited 1 branch of the dungeon, and saw 3 of its levels.

You collected 149 gold pieces.

Inventory:

Hand Weapons
 a - a +2 shortbow
 o - a +0 hand axe (weapon)
Missiles
 b - 23 arrows
Armour
 e - a +0 robe (worn)
Jewellery
 c - an uncursed ring of magical power {unknown}
Scrolls
 g - 3 scrolls of identify
 j - 2 scrolls of magic mapping
 k - a scroll of teleportation {unknown}
 l - a scroll of fear {unknown}
 m - a scroll of immolation {unknown}
 n - 2 scrolls of remove curse {unknown}
Potions
 d - a potion of curing
 h - 2 potions of heal wounds
 i - 2 potions of flight


   Skills:
 + Level 4.3 Fighting
 + Level 1.8 Axes
 - Level 1.7 Bows
 + Level 1.5 Armour
 + Level 1.2 Dodging
 - Level 3.0 Stealth
 + Level 1.2 Shields
 + Level 1.3 Evocations


You had 3 spell levels left.
You didn't know any spells.
Your spell library was empty.

Dungeon Overview and Level Annotations

Branches:
Dungeon (3/15)

Altars:
Nemelex Xobeh

Portals:
Sewer: D:3


Innate Abilities, Weirdness & Mutations

You cannot wear boots.
Your serpentine skin is tough. (AC +1)
You have supernaturally acute eyesight. (SInv)
Armour fits poorly on your strangely shaped body.
Your system is resistant to poisons. (rPois)
You cover ground very slowly.
You can spit poison.


Message History

You hit the orc wizard but do no damage.
The orc wizard hits you but does no damage.
Press: ? - help, Shift-Dir - straight line, f - orc wizard
Aim: an orc wizard, wielding a +0 dagger and wearing a +0 robe The splash of poison hits the orc wizard!
The orc wizard is poisoned.
The orc wizard is severely wounded.
The orc wizard closely misses you.
You barely miss the orc wizard.
The orc wizard is severely wounded.
The orc wizard casts a spell at you. The puff of flame hits you.
* * * LOW HITPOINT WARNING * * *
The orc wizard hits you with a +0 dagger.
* * * LOW HITPOINT WARNING * * *
You hit the orc wizard but do no damage.
The orc wizard is severely wounded.
The orc wizard points at you and mumbles some strange words.
The puff of frost hits you!
You die...

#### #...# #..## #...# #...##
#...# #....##### ######## #...#
### ###......###......#
###.###..
####.......###.######.....#
###.##..###.##.......###
#.##.........####.####
##.)#.@o......####..##.
#####......###.#...........
####.....#...........#####..##
##....#####.#.####.##..## ##.#
#..#####....#.####.###..####.##
#.## #...##.....##.# ##.#......
#..# #.#######..##.# #........
##.###.# ##.##.# ###......
#..#..# #....######......


You could see an orc wizard (poisoned).

Vanquished Creatures
  2 adders (D:2)
  A dart slug (D:2)
  4 worms (D:2)
  2 leopard geckos
  A ball python (D:2)
  4 giant cockroaches
  6 goblins
  7 hobgoblins
  6 jackals
  7 kobolds
  A quokka (D:2)
  6 bats
  5 frilled lizards
  7 rats
59 creatures vanquished.

Notes
Turn   | Place    | Note
-------+----------+-------------------------------------------
     0 | D:1      | MajorAdolf the Naga Wanderer began the quest for the Orb.
     0 | D:1      | MajorAdolf set off with the following items: a +2 shortbow,
                  | 21 arrows, a +0 mace, a potion of curing, a +0 robe, a +0
                  | dagger
     0 | D:1      | Reached XP level 1. HP: 22/22 MP: 1/1
    20 | D:1      | Found a sparkling altar of Nemelex Xobeh.
    67 | D:1      | Reached XP level 2. HP: 17/30 MP: 2/2
   489 | D:1      | Reached XP level 3. HP: 36/36 MP: 3/3
   959 | D:2      | Reached skill level 1 in Dodging
   959 | D:2      | Reached skill level 1 in Evocations
   977 | D:2      | Reached skill level 1 in Shields
   977 | D:2      | Reached XP level 4. HP: 44/44 MP: 4/4
  1706 | D:3      | Found a glowing drain.
  1725 | D:2      | Killed from afar by an orc wizard

Illustrated notes

Levels and vault maps discovered:
D:1:      nicolae_arrival_somewhat_less_tricky_arrival, layout_rooms,
          nemelex_xobeh_ov_fountains_minmay
D:2:      layout_rooms
D:3:      layout_basic, gup_sewer_entry_glass, uniq_robin, uniq_terence

Skill      XL: |  1  2  3 |
---------------+----------+-----
Dodging        | 1 |  1.2
Evocations     | 1 |  1.3
Shields        | 1 |  1.2
Fighting       | |  4.3
Axes           | |  1.8
Bows           | |  1.7
Armour         | |  1.5
Stealth        | |  3.0

Action                   |  1- 3 |  4- 6 || total
-------------------------+-------+-------++-------
Melee: Hand axe          |       |     6 ||     6
 Fire: Shortbow          |    85 |    50 ||   135
 Abil: Spit Poison       |       |     2 ||     2
  Use: Scroll            |       |     3 ||     3
Armor: Robe              |     1 |     5 ||     6
Dodge: Dodged            |    10 |    10 ||    20
